 Dungeon Crawl Stone Soup version 0.30-a0-800-g7c544603b3 (webtiles) character file.

Game seed: 14889674834607448254

358 Orangeyouglad the Trooper (level 6, -1/66 HPs)
             Began as an Ogre Gladiator on Feb 22, 2023.
             Shot with an arrow by a centaur (6 damage)
             ... on level 4 of the Dungeon.
             The game lasted 00:07:06 (2923 turns).

Orangeyouglad the Trooper (Ogre Gladiator)          Turns: 2923, Time: 00:07:07

Health: -1/66      AC:  3    Str: 21    XL:     6   Next: 64%
Magic:  6/6        EV: 10    Int:  9    God:
Gold:   182        SH:  8    Dex: 16    Spells: 5/5 levels left

rFire   . . .      SeeInvis .    t - +0 mace
rCold   . . .      Faith    .    q - +0 kite shield
rNeg    . . .      Spirit   .    b - +0 robe
rPois   .          Reflect  .    c - +0 hat
rElec   .          Harm     .    (no cloak)
rCorr   .          Rampage  .    (gloves unavailable)
Will    .....                    (boots unavailable)
Stlth   +                        (no amulet)
HPRegen 0.31/turn                v - +6 ring of dexterity
MPRegen 0.10/turn                (no ring)

@: no status effects
A: large, unfitting armour, tough skin 1
a: no special abilities


You were on level 4 of the Dungeon.
You visited 1 branch of the dungeon, and saw 7 of its levels.

You collected 182 gold pieces.

Inventory:

Hand Weapons
 a - a +0 quarterstaff
 t - a +0 mace (weapon)
 u - a +0 hand axe
Missiles
 n - 5 poisoned darts (quivered)
Armour
 b - a +0 robe (worn)
 c - a +0 hat (worn)
 q - a +0 kite shield (worn)
Jewellery
 v - a +6 ring of dexterity (left hand)
Wands
 x - a wand of roots (2)
Scrolls
 g - 2 scrolls of fear
 h - 3 scrolls of butterflies
 j - 2 scrolls of identify
 m - 2 scrolls of immolation
 o - 4 scrolls of teleportation {unknown}
 p - 2 scrolls of noise {unknown}
 w - a scroll of vulnerability {unknown}
Potions
 f - 3 potions of brilliance {unknown}
 i - a potion of lignification {unknown}
 k - a potion of heal wounds {unknown}
 l - 3 potions of curing {unknown}
 r - a potion of ambrosia {unknown}
 s - a potion of might {unknown}
 z - a potion of magic {unknown}
 A - 2 potions of degeneration {unknown}


   Skills:
 + Level 5.2 Fighting
 - Level 3.1 Staves
 + Level 3.8 Throwing
 + Level 4.1 Dodging
 + Level 2.2 Shields


You had 5 spell levels left.
You didn't know any spells.
Your spell library was empty.

Dungeon Overview and Level Annotations

Branches:
Dungeon (7/15)
 Temple: D:4-7

Altars:
Ashenzari
Gozag
Nemelex Xobeh
Ru
Uskayaw


Innate Abilities, Weirdness & Mutations

You are too large for most types of armour.
You have tough skin. (AC +1)


Message History

Okay, then.
Sorry, you're not good enough to have a special ability.
Unknown command.
Throw: large rock
Press: ? - help, Q - select action, (/) - cycle Shift-Dir - straight line, f - centaur
Aim: a centaur, wielding a +0 hand axe (lightly wounded, 73% to hit)
You throw a large rock.
The large rock barely misses the centaur.
The centaur barely misses you.
The centaur kicks you but does no damage.
You block the centaur's attack. x2
The centaur hits you with a +0 hand axe.
* * * LOW HITPOINT WARNING * * *
The centaur kicks you but does no damage.
Throw: 2 throwing nets
Press: ? - help, Q - select action, (/) - cycle Shift-Dir - straight line, f/p - centaur
Aim: a centaur, wielding a +0 hand axe (lightly wounded, 73% to hit)
You throw a throwing net. The throwing net hits the centaur.
The centaur is caught in the net!
The centaur is lightly wounded.
The centaur struggles against the net.
The centaur struggles against the net. x2
The centaur struggles against the net.
Things that are here:
a +0 club; a +0 sling The centaur struggles against the net.
The net rips apart, and the centaur comes free!
The centaur unwields a +0 hand axe.
The centaur wields a +0 shortbow.
The centaur shoots an arrow.
The arrow barely misses you.
Throw: throwing net
Press: ? - help, Q - select action, (/) - cycle Shift-Dir - straight line, f/p - centaur
Aim: a centaur, wielding a +0 shortbow (lightly wounded, 73% to hit)
You throw a throwing net. The throwing net hits the centaur.
The centaur is caught in the net!
The centaur is lightly wounded.
The centaur struggles against the net.
The centaur struggles against the net. x2
The net rips apart, and the centaur comes free!
The centaur shoots an arrow.
The arrow hits you.
You die...

#.#.# .. #.#.# .# ###
#.#.# .# ..###.#.#######.
#...............
###...[.######.# ##.#.#.##
#.#########.#
##....#..#####.##..)..c.(#
...#..........#.@.#####..#
.#....#...####.#### .#
.##.#....[.# #.# #
.##............#
#####......##### #
#.....## # #.>..#.. #
######## #


You could see a centaur.

Vanquished Creatures
  A sky beast (D:6)
  A hound (D:4)
  2 jellies
  2 orc priests
  3 adders
  A worm (D:3)
  5 dart slugs
  10 orcs
  3 ball pythons (D:2)
  5 bats
  6 endoplasms
  2 giant cockroaches (D:2)
  5 goblins
  6 hobgoblins
  8 jackals (D:2)
  3 quokkas
  4 frilled lizards
  5 kobolds
  2 rats (D:1)
74 creatures vanquished.

Notes
Turn   | Place    | Note
-------+----------+-------------------------------------------
     0 | D:1      | Orangeyouglad the Ogre Gladiator began the quest for the
                  | Orb.
     0 | D:1      | Reached XP level 1. HP: 22/22 MP: 1/1
    81 | D:1      | Reached XP level 2. HP: 29/29 MP: 2/2
    88 | D:1      | Reached skill level 3 in Fighting
   343 | D:1      | Reached XP level 3. HP: 35/37 MP: 3/3
   474 | D:1      | Found a faded altar of an unknown god.
   886 | D:2      | Reached XP level 4. HP: 31/48 MP: 4/4
  1050 | D:2      | Reached skill level 4 in Fighting
  1632 | D:3      | Found a broken altar of Ashenzari.
  1645 | D:3      | Reached skill level 1 in Shields
  1645 | D:3      | Reached XP level 5. HP: 55/55 MP: 5/5
  1837 | D:3      | Found a hide-covered altar of Uskayaw.
  2184 | D:3      | Found a sacrificial altar of Ru.
  2521 | D:4      | Reached XP level 6. HP: 56/65 MP: 6/6
  2586 | D:4      | You fall into a shaft and drop 3 floors!
  2596 | D:7      | Found a sparkling altar of Nemelex Xobeh.
  2596 | D:7      | Found an opulent altar of Gozag.
  2627 | D:6      | Noticed a sky beast
  2631 | D:6      | Killed a sky beast
  2632 | D:6      | Reached skill level 5 in Fighting
  2650 | D:5      | Entered Level 5 of the Dungeon
  2916 | D:4      | HP: 3/66 [centaur/+0 hand axe (5)]
  2923 | D:4      | Shot with an arrow by a centaur

Illustrated notes

Levels and vault maps discovered:
D:1:      onia_arrival_pyramid, layout_loops_ring,
          hellmonk_ecumenical_altar_leap_of_faith,
          wander_ebering_terrifying_dragon_lair
D:2:      layout_rooms, minmay_tromino_v2
D:3:      layout_loops_ring, mainiacjoe_overflow_cross_hatched,
          nicolae_ru_sacrificial_ziggurat, nicolae_uskayaw_dance_hall
D:4:      layout_loops_ring, nicolae_sif_muna_little_library
D:5:      layout_cave_pools
D:6:      minmay_angry_zag, layout_gridville, minmay_temple_entry_nine_rooms,
          gammafunk_ghost_abyssal_escape
D:7:      layout_basic, grunt_temple_overflow_opulence, chequers_avenue,
          chequers_serial_rivers_micro_a

Skill      XL: |  1  2  3  4  5  6 |
---------------+-------------------+-----
Fighting       | 3 4 5 |  5.2
Dodging        | 3 4 |  4.1
Throwing       | 3 |  3.8
Shields        | 1 2 |  2.2
Staves         | |  3.1

Action                     |  1- 3 |  4- 6 || total
---------------------------+-------+-------++-------
  Melee: Quarterstaff      |    49 |    35 ||    84
         Mace              |       |   118 ||   118
  Throw: Boomerang         |    22 |       ||    22
         Large rock        |     1 |     8 ||     9
         Throwing net      |     1 |     6 ||     7
         Dart              |       |    14 ||    14
    Use: Scroll            |       |     3 ||     3
   Stab: Sleeping          |     1 |       ||     1
 Armour: Robe              |     9 |    53 ||    62
  Dodge: Dodged            |    31 |    85 ||   116
  Block: Kite shield       |       |    69 ||    69

Table legend: (Time is in decaauts)
 A = Elapsed time spent in this place.
 B = Non-inter-level travel time spent in this place.
 C = Inter-level travel time spent in this place.
 D = Time resting spent in this place.
 E = Time spent auto-exploring this place.
 F = Levels seen in this place.
 G = Mean time per level.
                   A        B        C        D        E       F      G
               +--------+--------+--------+--------+--------+-----+--------+
         Total |   3001 |   2809 |    192 |     81 |   1797 |   7 |  428.7 |
       Dungeon |   3001 |   2809 |    192 |     81 |   1797 |   7 |  428.7 |
               +--------+--------+--------+--------+--------+-----+--------+

Top non-repeatable levels by time:
     D:1: 875 daAuts
     D:3: 851 daAuts
     D:2: 723 daAuts
     D:4: 473 daAuts
     D:7: 40 daAuts
     D:6: 23 daAuts
     D:5: 12 daAuts
